 Dungeon Crawl Stone Soup version 0.29.1-4-g47bece8355 (webtiles) character file.

Game seed: 11673179161061662851

53 croobank the Conjurer (level 3, -7/24 HPs)
             Began as a Demonspawn Conjurer on Dec 1, 2022.
             Mangled by a gnoll
             ... wielding a +0 whip
              (9 damage)
             ... on level 2 of the Dungeon.
             The game lasted 00:04:00 (1669 turns).

croobank the Conjurer (Demonspawn Conjurer)         Turns: 1669, Time: 00:04:00

Health: -7/24      AC:  2    Str:  7    XL:     3   Next: 64%
Magic:  6/6        EV: 12    Int: 21    God:
Gold:   52         SH:  4    Dex: 13    Spells: 0/6 levels left

rFire   . . .      SeeInvis .   d - +0 dagger
rCold   . . .      Faith    .   (no shield)
rNeg    . . .      Spirit   .   a - +0 robe
rPois   .          Reflect  .   (no helmet)
rElec   .          Harm     .   (no cloak)
rCorr   .          Rampage  .   (no gloves)
Will    .....                   (no boots)
Stlth   +++.......              (no amulet)
HPRegen 0.08/turn               (no ring)
MPRegen 0.10/turn               (no ring)

@: no status effects
A: thin skeletal structure 1, condensation shield
a: no special abilities


You were on level 2 of the Dungeon.
You visited 1 branch of the dungeon, and saw 2 of its levels.

You collected 52 gold pieces.

Inventory:

Hand Weapons
 d - a +0 dagger (weapon)
Armour
 a - a +0 robe (worn)
 e - +0 fire dragon scales
Scrolls
 c - a scroll of torment {unknown}
 i - a scroll of magic mapping {unknown}
 k - a scroll of poison {unknown}
 l - a scroll of noise {unknown}
 m - a scroll of vulnerability {unknown}
Potions
 f - a potion of haste {unknown}
 g - a potion of heal wounds {unknown}
 h - a potion of brilliance {unknown}
 j - 2 potions of curing {unknown}


   Skills:
 + Level 0.3 Fighting
 + Level 2.3 Dodging
 + Level 2.4 Stealth
 + Level 2.4 Spellcasting
 + Level 4.3 Conjurations
 + Level 0.3 Hexes


You couldn't memorise any spells.
You knew the following spells:

 Your Spells              Type           Power      Damage    Failure   Level
a - Magic Dart            Conj           80%        1d7       2%          1
b - Searing Ray           Conj           40%        2d5       3%          2
c - Dazzling Flash        Conj/Hex       24%        N/A       16%         3

Your spell library contained the following spells:

 Spells                   Type           Power      Damage    Failure   Level
 Fulminant Prism          Conj/Hex       6%         3d7       47%         4
 Iskenderun's Mystic Bla  Conj/Tloc      11%        2d4       50%         4


Dungeon Overview and Level Annotations

Branches:
Dungeon (2/15)

Altars:

Shops:
D:1 (   D:2 [


Innate Abilities, Weirdness & Mutations

You have a somewhat thin skeletal structure. (Dex +2, Stealth+)
A meltable shield of frost defends you. (SH +4)


Message History

Confirm with . or Enter, or press ? or * to list all spells.
You don't have enough magic to cast this spell.
Unknown command.
You block the gnoll's attack.
Casting: Dazzling Flash (extremely dangerous; 19% risk of failure)
Confirm with . or Enter, or press ? or * to list all spells.
Aiming: Searing Ray (safe; 3% risk of failure)
Press: ? - help, Shift-Dir - straight line, f - gnoll
Aim: a gnoll, wielding a +0 spear (81% to hit)
The searing ray hits the gnoll.
The gnoll is heavily wounded.
The searing ray hits the ball python.
You kill the ball python!
The searing ray misses the gnoll. (Press . to maintain the ray.)
The gnoll hits you with a +0 halberd!
* * * LOW HITPOINT WARNING * * *
The searing ray hits the gnoll!
You kill the gnoll!
The searing ray hits the gnoll!
The gnoll is heavily wounded.
The gnoll closely misses you.
The gnoll shouts!
The gnoll misses you.
Casting: Searing Ray (safe; 3% risk of failure)
Confirm with . or Enter, or press ? or * to list all spells.
Aiming: Magic Dart (safe; 2% risk of failure)
Press: ? - help, Shift-Dir - straight line, f/p - gnoll
Aim: a gnoll, wielding a +0 spear (heavily wounded, 100% to hit)
The magic dart hits the gnoll.
You kill the gnoll!
You hit the gnoll.
The gnoll is lightly wounded.
The gnoll hits you with a +0 whip.
* * * LOW HITPOINT WARNING * * *
You hit the gnoll but do no damage.
The gnoll is lightly wounded.
The gnoll closely misses you. Magic courses through your body.
The gnoll hits you with a +0 whip!
You die...

.. #.......>.......####.....#
..
#.##.###......<.....####.###
.. #.##.# #..#########.#
##.... .. #.##.# #..##### #.#
#.†... #. #.##.###......# #.#
#.#### #.####.#...##.####.#
#^# #.# ...##.........# #.#
#.# #.#
...##(g#...##.####.#####.# #.#
.......##.###..g@........###.#
......g...# #.####...........#
.......#### #.# #############
...##..# #.# ...##..######.#
..........†)..#
...############ ###


You could see a gnoll.

Vanquished Creatures
  3 gnolls (D:2)
  A worm (D:2)
  A dart slug (D:2)
  2 ball pythons
  2 endoplasms
  2 hobgoblins (D:2)
  2 jackals (D:1)
  A kobold (D:2)
  A frilled lizard (D:1)
  3 goblins
  2 rats (D:2)
20 creatures vanquished.

Notes
Turn   | Place    | Note
-------+----------+-------------------------------------------
     0 | D:1      | croobank the Demonspawn Conjurer began the quest for the
                  | Orb.
     0 | D:1      | Reached XP level 1. HP: 13/13 MP: 3/3
    54 | D:1      | Found Belodgho's Weapon Boutique.
   201 | D:1      | Found a faded altar of an unknown god.
   816 | D:2      | Gained mutation: A meltable shield of frost defends you.
                  | (SH +4) [demonic ancestry]
   816 | D:2      | Reached XP level 2. HP: 19/19 MP: 3/5
   819 | D:2      | Learned a level 2 spell: Searing Ray
   849 | D:2      | Found Isalooz's Armour Boutique.
  1084 | D:2      | Gained mutation: You have a somewhat thin skeletal
                  | structure. (Dex +2, Stealth+) [demonic ancestry]
  1084 | D:2      | Reached XP level 3. HP: 24/24 MP: 3/6
  1088 | D:2      | Learned a level 3 spell: Dazzling Flash
  1669 | D:2      | Mangled by a gnoll

Illustrated notes

Levels and vault maps discovered:
D:1:      saegor_arrival_simple_a, layout_loops_ring, serial_shops,
          nicolae_shop_crystal, shapermc_ecumenical_altar_petra
D:2:      layout_loops_ring, serial_shops, shop, st_stairs_9

Skill      XL: |  1 |
---------------+----+-----
Stealth        | 2 |  2.4
Dodging        | 2 |  2.3
Fighting       | |  0.3
Spellcasting   | |  2.4
Conjurations   | |  4.3
Hexes          | |  0.3

Action                   || total
-------------------------++-------
Melee: Dagger            ||     9
 Cast: Magic Dart        ||    16
       Searing Ray       ||     7
       Dazzling Flash    ||     1
  Use: Potion            ||     1
 Stab: Sleeping          ||     1
Armor: Robe              ||     3
Dodge: Dodged            ||    13
Block: Other             ||     5
